 Dungeon Crawl Stone Soup version 0.21.0-3-g78d12a8 (webtiles) character file.

21 Flooderbenga the Magician (level 2, -2/24 HPs)
             Began as a Centaur Wizard on Jan 12, 2018.
             Slain by a goblin
             ... wielding a cursed -2 trident
              (9 damage)
             ... on level 2 of the Dungeon on Jan 13, 2018.
             The game lasted 00:09:33 (1802 turns).

Flooderbenga the Magician (Centaur Wizard)          Turns: 1802, Time: 00:09:34

Health: -2/24      AC:  3    Str:  9    XL:     2   Next: 62%
Magic:  3/5        EV: 11    Int: 17    God:
Gold:   110        SH:  0    Dex:  7    Spells: 0/5 levels left

rFire    . . .     SeeInvis .   l - +0 short sword
rCold    . . .     Gourm    .   (no shield)
rNeg     . . .     Faith    .   (no armour)
rPois    .         Spirit   .   b - +0 hat
rElec    .         Reflect  .   (no cloak)
rCorr    .         Harm     .   (no gloves)
MR       .....                  (no barding)
Stlth    +.........             (no amulet)
HPRegen  0.08/turn              (no ring)
MPRegen  0.09/turn              t - +2 ring of evasion

@: very quick
A: large, hooves 3, deformed body, speed 2, tough skin 3
a: no special abilities


You were on level 2 of the Dungeon.
You were not hungry.

You visited 1 branch of the dungeon, and saw 2 of its levels.

You collected 110 gold pieces.

Inventory:

Hand Weapons
 g - a +0 hunting sling
 l - a +0 short sword (weapon)
Missiles
 i - 22 arrows
 m - 7 poisoned needles
Armour
 a - a +0 robe
 b - a +0 hat (worn)
 f - a +0 leather armour
Jewellery
 j - an uncursed ring of ice
 t - a +2 ring of evasion (right hand)
Scrolls
 o - a scroll of remove curse {unknown}
 q - a scroll of enchant armour {unknown}
Potions
 e - 2 potions of heal wounds {unknown}
 k - a potion of might {unknown}
 n - 2 potions of curing {unknown}
 p - a potion of invisibility {unknown}
 s - a potion of agility {unknown}
 u - a potion of magic {unknown}
Books
 c - a book of Minor Magic

   Spells                             Type                      Level
   a - Magic Dart                     Conjuration                  1
   b - Blink                          Translocation                2
   c - Call Imp                       Summoning                    2
   d - Slow                           Hexes                        2
   e - Conjure Flame                  Conjuration/Fire             3
   f - Mephitic Cloud                 Conjuration/Poison/Air       3
Comestibles
 d - 2 rations
 r - 2 chunks of flesh


   Skills:
 * Level 2.0 Fighting
 - Level 1.4 Dodging
 - Level 1.1 Stealth
 + Level 2.4 Spellcasting
 - Level 0.8 Conjurations
 + Level 1.0 Summonings
 + Level 1.0 Translocations


You couldn't memorise any spells.
You knew the following spells:

 Your Spells              Type           Power        Failure   Level  Hunger
a - Magic Dart            Conj           #...         13%         1    #......
b - Call Imp              Summ           #.......     19%         2    ##.....
B - Blink                 Tloc           N/A          19%         2    ##.....


Dungeon Overview and Level Annotations

Branches:
Dungeon (2/15)

Altars:

Annotations:
D:1 exclusion: downstairs


Innate Abilities, Weirdness & Mutations

You have hooves in place of feet.
Armour fits poorly on your strangely shaped body.
You cover ground very quickly.
You have extremely tough skin. (AC +3)


Message History

You take 3 damage, and have 8/24 hp.
You now have 4/5 mp.
Okay, then.
You barely miss the quokka. The quokka bites you.
* * * LOW HITPOINT WARNING * * *
You take 4 damage, and have 4/24 hp.
You blink.
You now have 2/5 mp.
Your magical contamination has completely faded away.
An adder comes into view.
The adder hisses angrily.
Found a ration.
MP restored: 5 A goblin comes into view.
It is wielding a trident.
The goblin shouts!
A rat comes into view.
Okay, then.
You blink.
The rat bites you.
* * * LOW HITPOINT WARNING * * *
The goblin hits you from afar with a trident!
You die...

#. #....S....
### #.
#.#####.#. #..
.. #S# #.## ..#
## #.# #.# #.#
#.# #%# #.#
#####.# #.#
#.###.###.S...#
#.#
#.l...rg.ยง#####
#.# ###@#####
#.# #.# #.. ###


You could see an adder, a goblin, a frilled lizard (wandering) and a rat.

Vanquished Creatures
  A dart slug (D:1)
  2 bats
  2 hobgoblins
  4 kobolds
  A quokka (D:1)
  A frilled lizard (D:1)
  4 goblins
  2 rats
17 creatures vanquished.

Notes
Turn   | Place    | Note
-------+----------+-------------------------------------------
     0 | D:1      | Flooderbenga the Centaur Wizard began the quest for the Orb.
     0 | D:1      | Reached XP level 1. HP: 14/14 MP: 3/3
   438 | D:1      | Reached skill level 1 in Fighting
   532 | D:1      | Reached XP level 2. HP: 23/23 MP: 5/5
  1140 | D:1      | Learned a level 2 spell: Blink
  1143 | D:1      | Learned a level 2 spell: Call Imp
  1499 | D:2      | Reached skill level 1 in Summonings
  1499 | D:2      | Reached skill level 1 in Translocations
  1802 | D:2      | Slain by a goblin

Skill      XL: |  1  2 |
---------------+-------+-----
Fighting       | 1 2 |  2.0
Summonings     | 1 |  1.0
Translocations | 1 |  1.0
Dodging        | |  1.4
Stealth        | |  1.1
Spellcasting   | |  2.4
Conjurations   | |  0.8

Action                   || total
-------------------------++-------
Melee: Unarmed           ||    15
       Dagger            ||    18
       Kick              ||     6
       Short sword       ||    35
 Fire: Hunting sling     ||    19
 Cast: Magic Dart        ||    11
       Blink             ||     2
       Call Imp          ||     1
  Eat: Chunk             ||     2
Armor: Robe              ||     4
       Leather armour    ||     8
       Skin              ||     6
Dodge: Dodged            ||    30
